 Dungeon Sprint DCSS version 0.26-a0-846-gcc8f1ee719 (webtiles) character file.

Game seed: 1540567726637695449

4043 rocky1 the Gelid (level 10, -1/56 HPs)
             Began as a Gargoyle Ice Elementalist on Nov 20, 2020.
             Was a High Priest of Sif Muna.
             Slain by a boulder beetle (22 damage)
             ... in the Dungeon (Sprint VII: "The Pits").
             The game lasted 00:11:29 (1932 turns).

rocky1 the Gelid (Gargoyle Ice Elementalist)        Turns: 1932, Time: 00:11:30

Health: -1/56      AC: 15    Str: 12    XL:     10   Next: 24%
Magic:  8/19       EV: 13    Int: 19    God:    Sif Muna [*****.]
Gold:   0          SH:  0    Dex: 13    Spells: 12/21 levels left

rFire    . . .     SeeInvis .   t - +2 dire flail (vorpal)
rCold    . . .     Faith    .   (shield currently unavailable)
rNeg     + . .     Spirit   .   w - +0 leather armour
rPois    ∞         Reflect  .   q - +0 helmet
rElec    +         Harm     .   r - +0 cloak
rCorr    .         Rampage  .   (no gloves)
MR       .....     NoTele   +   (no boots)
Stlth    ++........             (no amulet)
HPRegen  0.18/turn              l - +3 ring of protection
MPRegen  0.16/turn              n - +3 ring of dexterity

@: frozen ramparts
A: negative energy resistance 1, electricity resistance, unbreathing,
petrification resistance, rot immunity, AC +7
a: Channel Magic, Forget Spell, Divine Exegesis, Renounce Religion


You were in the Dungeon.
You worshipped Sif Muna.
Sif Muna was extremely pleased with you.
You visited 1 branch

Inventory:

Hand Weapons
 a - a +4 flail of holy wrath
 m - a +1 mace of protection
 s - the +2 scimitar of the Witching Pariah {speed, rN+ MP+9}
   (You found it in the Dungeon)

   Attacks with this weapon are significantly faster.
   It protects you from negative energy.
   It affects your magic capacity (+9).
 t - a +2 vorpal dire flail (weapon)
 u - a +1 broad axe of freezing
 v - a +0 lajatang
Armour
 q - a +0 helmet (worn)
 r - a +0 cloak (worn)
 w - a +0 leather armour (worn)
Jewellery
 l - a +3 ring of protection (left hand)
 n - a +3 ring of dexterity (right hand)
Scrolls
 h - a scroll of blinking
 i - 2 scrolls of remove curse
 j - 5 scrolls of amnesia
 k - a scroll of summoning
Potions
 b - 2 potions of invisibility
 c - 6 potions of curing
 d - 3 potions of heal wounds
 e - 3 potions of haste
 f - 4 potions of magic
 g - 4 potions of berserk rage
 o - 2 potions of might
 p - 2 potions of brilliance


   Skills:
 + Level 3.3 Fighting
 + Level 3.0 Maces & Flails
 + Level 3.3 Armour
 + Level 3.1 Dodging
 - Level 2.1 Stealth
 - Level 6.1 Spellcasting
 - Level 5.6 Translocations
 - Level 19.2 Ice Magic
 + Level 3.1 Invocations


You had 12 spell levels left.
You knew the following spells:

 Your Spells              Type           Power        Failure   Level
a - Freeze                Ice            ####         0%          1
b - Frozen Ramparts       Ice            ######       0%          3
c - Ozocubu's Armour      Ice            ######..     0%          3
d - Blink                 Tloc           N/A          1%          2

Your spell library contained the following spells:

 Spells                   Type           Power        Failure   Level
 Hailstorm                Conj/Ice       #####...     2%          4
 Ice Form                 Ice/Tmut       #####...     2%          4
 Summon Ice Beast         Ice/Summ       #####...     2%          4
 Gell's Gravitas          Tloc           ####......   4%          3
 Lesser Beckoning         Tloc           ####......   4%          3
 Teleport Other           Tloc           ####....     4%          3
 Passage of Golubria      Tloc           N/A          14%         4
 Swiftness                Air            #.......     22%         2
 Ignite Poison            Fire/Tmut/Pois #.......     38%         3
 Mephitic Cloud           Conj/Pois/Air  #.......     38%         3
 Stone Arrow              Conj/Erth      #.....       38%         3
 Iskenderun's Mystic Bla  Conj/Tloc      ###.....     41%         4
 Petrify                  Tmut/Erth      #.......     80%         4
 Dispersal                Tloc           ####......   91%         6
 Fireball                 Conj/Fire      #.........   98%         5
 Yara's Violent Unravell  Hex/Tmut       #.........   98%         5
 Conjure Ball Lightning   Conj/Air       #.........   100%        6


Dungeon Overview and Level Annotations

Branches:
Dungeon (1/1)

Altars:
Ashenzari
Cheibriados
Dithmenos
Elyvilon
Fedhas
Gozag
Hepliaklqana
Kikubaaqudgha
Makhleb
Nemelex Xobeh
Okawaru
Qazlal
Ru
Sif Muna
Trog
Uskayaw
Vehumet
Wu Jian
Xom
Yredelemnul
Zin
The Shining One
Beogh
Jiyva
Lugonu


Innate Abilities, Weirdness & Mutations

You are resistant to torment.
Your stone body is resilient. (AC +7)
You are immune to poison.
You resist negative energy. (rN+)
You are resistant to electric shocks. (rElec)
You can survive without breathing.
You are immune to petrification.
You are immune to rotting.


Message History

You hit the boulder beetle.
The boulder beetle is almost dead.
The frozen ramparts melt away.
The boulder beetle leaps!
Unknown command.
You feel much better.
Casting: Ozocubu's Armour (safe; 0% risk of failure)
Confirm with . or Enter, or press ? or * to list all spells.
The walls around you are covered in ice.
Unknown command.
Casting: Frozen Ramparts (safe; 0% risk of failure)
Confirm with . or Enter, or press ? or * to list all spells.
You don't know that spell.
Unknown command.
The boulder beetle curls into a ball and begins rolling!
The boulder beetle stops rolling and uncurls.
The boulder beetle bites you.
You hit the boulder beetle but do no damage.
The boulder beetle is almost dead.
The boulder beetle bites you!!
You die...

'................+
#......#..#......#
#................#
####'#####''######
#.......##''# ##### ###
#.......##..###...###..+
#.......##...##...##..#
#...<...###...##'##..##
#.......# ##[.BB@.....##
#.......###..###+###...#
#.......##..##.....##..#
##########..'†).....+..+
##########..##.....##..#
...#..[.###..###+###...#
...#..[.# ##..........##
...'....# #...##+##..##
...#..))##...## ##..#


You could see 2 boulder beetles.

Vanquished Creatures
  A shadow wraith (D)
  A sea snake (D)
  A deep elf mage (D)
  A manticore (D)
  An orb spider (shapeshifter) (D)
  A shadow (D)
  2 vampire mosquitoes (D)
  Edmund (D)
  A soldier ant (D)
  A water moccasin (D)
  A phantom (D)
  A necrophage (D)
  A sky beast (D)
  5 wolves (D)
  2 centaurs (D)
  A crimson imp (D)
  A hound (D)
  2 jellies (D)
  A gnoll shaman (D)
  An iron imp (D)
  A worker ant (D)
  6 gnolls (D)
  An ooze (D)
  An adder skeleton (D)
  An orc (D)
  2 ball pythons (D)
  A goblin (D)
  A hobgoblin (D)
  A kobold (D)
  2 bats (D)
44 creatures vanquished.

Notes
Turn   | Place    | Note
-------+----------+-------------------------------------------
     0 | D        | rocky1 the Gargoyle Ice Elementalist began the quest for
                  | the Orb.
     0 | D        | Reached XP level 1. HP: 10/10 MP: 3/3
    19 | D        | Found a bloodstained altar of Trog.
    19 | D        | Found a shimmering blue altar of Sif Muna.
    19 | D        | Found a viscous altar of Jiyva.
    19 | D        | Found a hazy altar of Hepliaklqana.
    19 | D        | Found an opulent altar of Gozag.
    44 | D        | Found a glowing golden altar of the Shining One.
    44 | D        | Found a glowing silver altar of Zin.
    44 | D        | Found a basalt altar of Yredelemnul.
    44 | D        | Found a shimmering altar of Xom.
    44 | D        | Found an ornate altar of the Wu Jian Council.
    44 | D        | Found a sacrificial altar of Ru.
    44 | D        | Found a stormy altar of Qazlal.
    44 | D        | Found an iron altar of Okawaru.
    44 | D        | Found a sparkling altar of Nemelex Xobeh.
    44 | D        | Found a burning altar of Makhleb.
    44 | D        | Found a blossoming altar of Fedhas.
    44 | D        | Found a white marble altar of Elyvilon.
    44 | D        | Found a shadowy altar of Dithmenos.
    44 | D        | Found a snail-covered altar of Cheibriados.
    47 | D        | Found a corrupted altar of Lugonu.
    47 | D        | Found a radiant altar of Vehumet.
    47 | D        | Found a roughly hewn altar of Beogh.
    48 | D        | Found an ancient bone altar of Kikubaaqudgha.
    48 | D        | Found a hide-covered altar of Uskayaw.
    48 | D        | Found a broken altar of Ashenzari.
    49 | D        | Became a worshipper of Sif Muna the Loreminder
    60 | D        | Noticed a worker ant
    69 | D        | Reached skill level 5 in Ice Magic
    69 | D        | Reached XP level 2. HP: 15/15 MP: 0/5
   125 | D        | Reached skill level 7 in Ice Magic
   125 | D        | Reached XP level 3. HP: 18/19 MP: 3/6
   165 | D        | Reached * piety under Sif Muna
   223 | D        | Reached ** piety under Sif Muna
   236 | D        | Reached skill level 8 in Ice Magic
   309 | D        | Noticed a sky beast
   309 | D        | Noticed a water moccasin
   328 | D        | Reached *** piety under Sif Muna
   329 | D        | Reached XP level 4. HP: 14/24 MP: 1/7
   334 | D        | Learned a level 3 spell: Frozen Ramparts
   338 | D        | Learned a level 3 spell: Ozocubu's Armour
   459 | D        | Reached skill level 9 in Ice Magic
   473 | D        | Reached skill level 10 in Ice Magic
   519 | D        | Noticed a phantom
   524 | D        | Killed a sky beast
   524 | D        | Reached **** piety under Sif Muna
   525 | D        | Reached skill level 11 in Ice Magic
   525 | D        | Reached XP level 5. HP: 16/28 MP: 2/8
   574 | D        | Noticed a centaur
   579 | D        | Killed a water moccasin
   580 | D        | Reached skill level 13 in Ice Magic
   580 | D        | Reached XP level 6. HP: 32/32 MP: 2/9
   580 | D        | Killed a phantom
   581 | D        | Reached skill level 14 in Ice Magic
   581 | D        | Reached XP level 7. HP: 36/36 MP: 2/10
   583 | D        | Reached ***** piety under Sif Muna
   778 | D        | Noticed a shadow
   807 | D        | Killed a shadow
   808 | D        | Reached skill level 15 in Ice Magic
   887 | D        | Identified Sif Muna's Collected Works on the Torrid
                  | Traveller (Sif Muna gifted it to you in the Dungeon)
   887 | D        | Received a gift from Sif Muna
   892 | D        | Reached skill level 16 in Ice Magic
   940 | D        | Learned a level 2 spell: Blink
   940 | D        | Noticed a deep elf mage
   940 | D        | Noticed a sea snake
   946 | D        | Killed a deep elf mage
   947 | D        | Reached skill level 17 in Ice Magic
   947 | D        | Reached XP level 8. HP: 41/41 MP: 4/11
   949 | D        | Killed a sea snake
   950 | D        | Reached skill level 18 in Ice Magic
   950 | D        | Reached XP level 9. HP: 34/45 MP: 5/12
  1053 | D        | Got the +2 scimitar of the Witching Pariah {speed, rN+
                  | MP+9}
  1276 | D        | Noticed Edmund
  1289 | D        | Reached skill level 1 in Translocations
  1289 | D        | Identified Inaf's Reference Book on Spatial Changing (Sif
                  | Muna gifted it to you in the Dungeon)
  1289 | D        | Received a gift from Sif Muna
  1295 | D        | Killed Edmund
  1420 | D        | Reached skill level 5 in Spellcasting
  1422 | D        | Killed a shadow wraith
  1422 | D        | Identified Sif Muna's Grimoire of Feathery Attacks (Sif
                  | Muna gifted it to you in the Dungeon)
  1422 | D        | Received a gift from Sif Muna
  1423 | D        | Reached skill level 5 in Translocations
  1423 | D        | Reached skill level 19 in Ice Magic
  1592 | D        | Reached XP level 10. HP: 51/51 MP: 15/19
  1619 | D        | Noticed an orb spider
  1628 | D        | Noticed a manticore
  1637 | D        | Killed an orb spider
  1642 | D        | Killed a manticore
  1905 | D        | Noticed a boulder beetle
  1905 | D        | Noticed a boulder beetle
  1932 | D        | Slain by a boulder beetle

Illustrated notes

Levels and vault maps discovered:
D:        pitsprint [storerooms_1, entrance_room_1, metal_vault_5, armoury_2,
          mini_pit_1, grid_room_1, main_hall_1, silver_pit, the_coven_2,
          the_vestibule_1, steel_vault_4, golden_pit, hallway_of_sentries,
          crystal_vault_1, iron_vault_2, final_vault]

Skill      XL: |  1  2  3  4  5  6  7  8  9 10 |
---------------+-------------------------------+-----
Ice Magic      | 5 7 8 11 13 14 17 18 19 | 19.2
Translocations | 5 |  5.6
Spellcasting   | 6 |  6.1
Fighting       | 3 |  3.3
Maces & Flails | 3 |  3.0
Armour         | 3 |  3.3
Dodging        | 3 |  3.1
Invocations    | 3 |  3.1
Stealth        | |  2.1

Action                   |  1- 3 |  4- 6 |  7- 9 | 10-12 || total
-------------------------+-------+-------+-------+-------++-------
Melee: Mace              |     7 |    35 |    49 |       ||    91
       Dire flail        |       |       |    20 |    20 ||    40
 Cast: Freeze            |    18 |       |       |       ||    18
       Ozocubu's Armour  |       |     3 |     7 |     2 ||    12
       Frozen Ramparts   |       |     3 |     8 |     5 ||    16
  Use: Potion            |       |     1 |     4 |     2 ||     7
       Scroll            |       |       |     1 |       ||     1
Armor: Robe              |     9 |    17 |    17 |       ||    43
       Leather armour    |       |       |    20 |    10 ||    30
Dodge: Dodged            |    29 |    23 |    45 |     7 ||   104

Table legend: (Time is in decaauts)
 A = Elapsed time spent in this place.
 B = Non-inter-level travel time spent in this place.
 C = Inter-level travel time spent in this place.
 D = Time resting spent in this place.
 E = Time spent auto-exploring this place.
 F = Levels seen in this place.
 G = Mean time per level.
                   A        B        C        D        E       F      G
               +--------+--------+--------+--------+--------+-----+--------+
         Total |   1985 |   1985 |      0 |   1214 |      0 |   1 | 1985.0 |
       Dungeon |   1985 |   1985 |      0 |   1214 |      0 |   1 | 1985.0 |
               +--------+--------+--------+--------+--------+-----+--------+

Top non-repeatable levels by time:
       D: 1985 daAuts
